 Dungeon Crawl Stone Soup version 0.17.1-3-g152610e (webtiles) character file.

167 Alarkh the Grave Robber (level 5, -12/35 HPs)
             Began as a Mummy Necromancer on Apr 25, 2016.
             Killed from afar by Sigmund (13 damage)
             ... with a wand of flame
             ... on level 3 of the Dungeon.
             The game lasted 00:03:48 (1745 turns).

Alarkh the Grave Robber (Mummy Necromancer)         Turns: 1745, Time: 00:03:48

Health: -12/35     AC:  2    Str: 11    XL:     5   Next: 23%
Magic:  2/19       EV: 12    Int: 16    God:
Gold:   106        SH:  0    Dex: 12    Spells: 3 memorised, 3 levels left

rFire  x . .     SeeInvis .     i - +0 dagger
rCold  + . .     Clarity  .     a - +0 robe
rNeg   + + +     SustAt   .     (no shield)
rPois  ∞         Gourm    .     (no helmet)
rElec  .         Spirit   .     (no cloak)
rCorr  .         Warding  .     (no gloves)
rMut   .         Stasis   .     (no boots)
MR     .....                    j - amulet of rage
Stlth  ++........               (no ring)
                                g - ring of magical power

@: not resistant to hostile enchantments, unstealthy
A: no food or potions, fire vulnerability, cold resistance 1, negative energy
resistance 3, torment resistance, unbreathing
a: no special abilities


You were on level 3 of the Dungeon.
You were not hungry.

You visited 1 branch of the dungeon, and saw 3 of its levels.

You collected 106 gold pieces.

Inventory:

Hand Weapons
 i - a +0 dagger (weapon)
Armour
 a - a +0 robe (worn)
 l - a +2 ring mail of magic resistance
Jewellery
 g - a ring of magical power (left hand)
 j - an amulet of rage (around neck)
Scrolls
 c - 2 scrolls of random uselessness
 d - 2 scrolls of enchant armour {unknown}
 e - a scroll of teleportation
 f - a scroll of identify {unknown}
 h - a scroll of fear
 k - a scroll of remove curse {unknown}
 m - a scroll of enchant weapon {unknown}
Books
 b - a book of Necromancy

   Spells                             Type                      Level
   a - Pain                           Necromancy                   1
   b - Animate Skeleton               Necromancy                   1
   c - Vampiric Draining              Necromancy                   3
   d - Regeneration                   Charms/Necromancy            3
   e - Animate Dead                   Necromancy                   4
   f - Control Undead                 Necromancy                   4


   Skills:
 - Level 1.5 Dodging
 - Level 1.5 Stealth
 + Level 3.8 Spellcasting
 + Level 5.4 Necromancy


You had 3 spell levels left.
You knew the following spells:

 Your Spells              Type           Power        Failure   Level  Hunger
a - Pain                  Necr           ###.         1%          1    N/A
b - Vampiric Draining     Necr           ###.......   8%          3    N/A
c - Control Undead        Necr           ###.......   21%         4    N/A

Dungeon Overview and Level Annotations

Branches:
Dungeon (3/15)

Altars:
Elyvilon
Fedhas

Annotations:
D:3 Razmath's ghost, weakling DsWz; Sigmund


Innate Abilities, Weirdness & Mutations

You do not eat or drink.
Your flesh is vulnerable to fire.
You are immune to poison.
Your flesh is cold resistant.
You are immune to negative energy.
You are immune to unholy pain and torment.
You can survive without breathing.


Message History

Aim: a bat (chance to defeat MR: 95%)
The bat convulses in agony!
You kill the bat!
A goblin comes into view.
Casting: Pain
Confirm with . or Enter, or press ? or * to list all spells.
Aiming: Pain
Press: ? - help, Shift-Dir - straight line, f - goblin
Aim: a goblin (chance to defeat MR: 95%)
The goblin convulses in agony!
You kill the goblin!
You swap places.
Sigmund zaps a wand.
The puff of flame hits you! The fire burns you terribly!
It is a wand of flame.
Razmath's ghost gestures wildly while chanting.
Razmath's ghost blinks!
Your magical contamination has completely faded away.
Sigmund zaps a wand.
The puff of flame hits you! The fire burns you terribly!
* * * LOW HITPOINT WARNING * * *
Sigmund zaps a wand.
The puff of flame hits you! The fire burns you terribly!
You die...

###..## ##..#
##.#### #....### .
####...# ..
######.#### ..#
........%W.###### ..
..####.......#..##@#
#######†@.....#
##....### #!...#
##...# ###..# #...
####


You could see Sigmund and the friendly Razmath's ghost.

Vanquished Creatures
  10 adders
  An ooze (D:2)
  A worm (D:2)
  4 giant geckos
  An orc (D:3)
  A ball python (D:2)
  8 bats
  4 giant cockroaches
  7 goblins
  9 hobgoblins
  3 quokkas
  A giant newt (D:1)
  8 kobolds
  5 rats
63 creatures vanquished.

Notes
Turn   | Place    | Note
--------------------------------------------------------------
     0 | D:1      | Alarkh the Mummy Necromancer began the quest for the Orb.
     0 | D:1      | Reached XP level 1. HP: 13/13 MP: 3/3
   459 | D:1      | Reached XP level 2. HP: 14/19 MP: 2/5
  1008 | D:2      | Reached XP level 3. HP: 24/24 MP: 6/6
  1102 | D:2      | Learned a level 3 spell: Vampiric Draining
  1156 | D:2      | Reached skill level 5 in Necromancy
  1188 | D:2      | Reached XP level 4. HP: 30/30 MP: 8/8
  1455 | D:2      | Found a blossoming altar of Fedhas.
  1622 | D:3      | Found a white marble altar of Elyvilon.
  1626 | D:3      | Reached XP level 5. HP: 35/35 MP: 10/10
  1701 | D:3      | Noticed Sigmund
  1702 | D:3      | Noticed Razmath's ghost (weakling DsWz)
  1712 | D:3      | Learned a level 4 spell: Control Undead
  1744 | D:3      | HP: 1/35 [Sigmund/wand of flame (15)]
  1745 | D:3      | Killed from afar by Sigmund

Action                   |  1- 3 |  4- 6 || total
-------------------------+-------+-------++-------
Melee: Unarmed           |    14 |       ||    14
 Cast: Pain              |    74 |    72 ||   146
       Control Undead    |       |     2 ||     2
  Use: Scroll            |     2 |     1 ||     3
